 Dungeon Crawl Stone Soup version 0.29-a0-1027-gcd8c55af63 (webtiles) character file.

Game seed: 7485419462603566854

624 27heaven the Basher (level 7, -4/57 HPs)
             Began as a Minotaur Enchanter on Aug 12, 2022.
             Was an Elder of Lugonu.
             Shot with an arrow by a centaur (11 damage)
             ... on level 5 of the Dungeon.
             The game lasted 00:10:32 (4962 turns).

27heaven the Basher (Minotaur Enchanter)            Turns: 4962, Time: 00:10:33

Health: -4/57      AC:  6    Str: 14    XL:     7   Next: 22%
Magic:  8/8        EV:  3    Int: 12    God:    Lugonu [****..]
Gold:   116        SH:  0    Dex: 11    Spells: 8/8 levels left

rFire   . . .      SeeInvis .   j - +1 mace (drain)
rCold   + . .      Faith    .   (no shield)
rNeg    . . .      Spirit   .   a - +0 plate armour
rPois   .          Reflect  .   (helmet restricted)
rElec   .          Harm     .   (no cloak)
rCorr   .          Rampage  .   (no gloves)
Will    .....                   (no boots)
Stlth   ..........              (no amulet)
HPRegen 0.19/turn               n - ring of protection from cold
MPRegen 0.11/turn               (no ring)

@: corroded
A: horns 2, retaliatory headbutt
a: Renounce Religion, Depart the Abyss, Bend Space, Banish, Corrupt


You were on level 5 of the Dungeon.
You worshipped Lugonu.
Lugonu was greatly pleased with you.
You visited 1 branch of the dungeon, and saw 5 of its levels.

You collected 140 gold pieces.
You spent 24 gold pieces at shops.

Inventory:

Hand Weapons
 e - a +0 morningstar
 j - a +1 mace of draining (weapon)
Missiles
 o - 4 boomerangs (quivered)
Armour
 a - a +0 plate armour (worn)
Jewellery
 n - a ring of protection from cold (left hand)
Wands
 s - a wand of polymorph (8)
 u - a wand of mindburst (12)
Scrolls
 d - 2 scrolls of immolation
 f - 2 scrolls of magic mapping
 g - a scroll of enchant weapon
 h - a scroll of fog
 k - 2 scrolls of enchant armour
 m - a scroll of poison {unknown}
 r - 2 scrolls of blinking
 t - 2 scrolls of brand weapon {unknown}
 v - a scroll of fear {unknown}
 w - a scroll of vulnerability {unknown}
Potions
 b - a potion of degeneration {unknown}
 c - 3 potions of invisibility
 i - 4 potions of brilliance
 l - a potion of berserk rage {unknown}
 p - 3 potions of heal wounds {unknown}
 q - 4 potions of attraction {unknown}


   Skills:
 - Level 3.1 Fighting
 - Level 1.1 Short Blades
 + Level 8.3 Maces & Flails
 - Level 2.1 Dodging
 - Level 2.4 Stealth
 - Level 1.3 Spellcasting
 - Level 2.0 Hexes
 + Level 1.6 Invocations


You had 8 spell levels left.
You didn't know any spells.
Your spell library contained the following spells:

 Spells                   Type           Power      Damage    Failure   Level
 Magic Dart               Conj           0%         1d3       100%        1
 Call Imp                 Summ           0%         N/A       100%        2
 Ensorcelled Hibernation  Hex/Ice        6%         N/A       100%        2
 Confusing Touch          Hex            5%         N/A       100%        3
 Dazzling Flash           Conj/Hex       6%         N/A       100%        3
 Mephitic Cloud           Conj/Pois/Air  0%         N/A       100%        3
 Tukima's Dance           Hex            5%         N/A       100%        3


Dungeon Overview and Level Annotations

Branches:
Dungeon (5/15)
 Temple: D:4-7

Altars:
Xom
Lugonu

Shops:
D:1 ::*[   D:3 *


Innate Abilities, Weirdness & Mutations

You have a pair of horns on your head.
You reflexively headbutt those who attack you in melee.


Message History

v - a scroll labelled WOTSASS RAIPT
Okay, then.
Found a scroll labelled YDUERIE BANIU.
A howler monkey comes into view.
The howler monkey howls!
You sock the howler monkey! You drain the howler monkey.
The howler monkey is severely wounded.
The howler monkey hits you but does no damage.
You closely miss the howler monkey. You headbutt the howler monkey.
You kill the howler monkey!
Lugonu accepts your kill.
w - a scroll labelled YDUERIE BANIU As you open the door, it creaks loudly!
There is an open door here.
You have 116 gold pieces.
Found a stone staircase leading down.
A jelly comes into view.
The jelly quivers.
The jelly hits you. The acid corrodes you!
You are splashed with acid!
You hit the jelly.
Your hands burn!
The jelly is lightly wounded.
The jelly hits you.
You are splashed with acid!
You hit the jelly.
Your hands burn!
The jelly is lightly wounded.
The jelly hits you.
You are splashed with acid!
You thump the jelly! You drain the jelly.
Your hands burn!
You headbutt the jelly.
You kill the jelly!
Lugonu accepts your kill.
There is a stone staircase leading down here.
A centaur comes into view.
The centaur shouts!
The centaur wields a +0 shortbow.
The centaur shoots an arrow.
The arrow hits you.
The centaur shoots an arrow.
The arrow hits you.
* * * LOW HITPOINT WARNING * * *
The centaur shoots an arrow.
The arrow hits you!
* * * LOW HITPOINT WARNING * * *
The centaur shoots an arrow.
The arrow hits you!
You die...

####### #...c.# #@###.# ##
######.#.#.##...
####....#........##
#....##.##>........ ....
#.#...#.#.......#.# ...#
#.#...#.#..#....#.# #..#
#.#.#.#....##.....# #..#
#.#.#.####.#..#~..#####...
#.#.#.##.#.#..≈~~#.......)


You could see a centaur.

Vanquished Creatures
  An ice beast (D:3)
  A phantom (D:4)
  A scorpion (D:3)
  A howler monkey (D:5)
  A hound (D:5)
  A jelly (D:5)
  Ijyb (D:5)
  Natasha (thrice) (D:2)
  An iguana (D:4)
  Robin (D:2)
  6 adders
  An ufetubus (D:5)
  2 worms (D:4)
  4 dart slugs
  An orc (D:3)
  4 ball pythons
  4 bats
  4 endoplasms (D:4)
  3 giant cockroaches
  15 goblins
  13 hobgoblins
  3 jackals (D:4)
  4 kobolds
  4 quokkas
  5 frilled lizards
  8 rats
93 creatures vanquished.

Notes
Turn   | Place    | Note
-------+----------+-------------------------------------------
     0 | D:1      | 27heaven the Minotaur Enchanter began the quest for the
                  | Orb.
     0 | D:1      | Reached XP level 1. HP: 14/14 MP: 1/1
    47 | D:1      | Found Neatunuu's Book Shop.
    64 | D:1      | Reached skill level 1 in Fighting
   385 | D:1      | Reached XP level 2. HP: 24/24 MP: 3/3
   428 | D:1      | Found a faded altar of an unknown god.
   443 | D:1      | Prayed at the altar of an unknown god.
   443 | D:1      | Became a worshipper of Lugonu the Unformed
   443 | D:1      | Reached * piety under Lugonu
   443 | D:1      | Reached ** piety under Lugonu
   503 | D:1      | Found Hikuach's Book Shoppe.
   795 | D:1      | Found Jequt's Antique Armour Emporium.
   820 | D:1      | Found Zitiog's Assorted Antiques.
  1321 | D:2      | Reached XP level 3. HP: 31/31 MP: 4/4
  1370 | D:2      | You fall into a shaft and drop 2 floors!
  1398 | D:4      | Reached skill level 2 in Maces & Flails
  1512 | D:4      | Noticed a phantom
  1527 | D:4      | Killed a phantom
  1528 | D:4      | Reached skill level 4 in Maces & Flails
  1528 | D:4      | Reached XP level 4. HP: 17/38 MP: 5/5
  1842 | D:2      | Reached XP level 5. HP: 45/45 MP: 6/6
  1923 | D:2      | Noticed Natasha
  1932 | D:2      | Killed Natasha
  2079 | D:2      | Reached *** piety under Lugonu
  2080 | D:2      | Reached skill level 5 in Maces & Flails
  2083 | D:2      | Noticed Robin
  2124 | D:2      | Killed Robin
  2334 | D:2      | Noticed Natasha
  2341 | D:2      | Killed Natasha
  2389 | D:2      | Noticed Natasha
  2395 | D:2      | Killed Natasha
  2396 | D:2      | Reached skill level 6 in Maces & Flails
  3119 | D:3      | Found a shimmering altar of Xom.
  3140 | D:3      | Noticed an ice beast
  3158 | D:3      | Killed an ice beast
  3159 | D:3      | Reached XP level 6. HP: 51/51 MP: 7/7
  3318 | D:3      | Found Kunuce's General Store.
  3324 | D:3      | Bought a scroll of identify for 24 gold pieces
  3385 | D:3      | Reached skill level 7 in Maces & Flails
  4326 | D:4      | Identified the +9 quarterstaff of Irrepressible Laughter
                  | {pain, rPois Int+3 Stlth-}
  4524 | D:5      | Entered Level 5 of the Dungeon
  4595 | D:5      | Noticed Ijyb
  4807 | D:5      | Reached skill level 8 in Maces & Flails
  4807 | D:5      | Reached XP level 7. HP: 52/57 MP: 8/8
  4870 | D:5      | Killed Ijyb
  4870 | D:5      | Reached **** piety under Lugonu
  4871 | D:5      | Reached skill level 1 in Invocations
  4962 | D:5      | Shot with an arrow by a centaur

Illustrated notes

Levels and vault maps discovered:
D:1:      zaba_arrival_water, layout_basic, serial_shops, nicolae_square_shop,
          nicolae_shop_stone, shop, nicolae_shop_crystal,
          ebering_ecumenical_altar_mist
D:2:      layout_basic, uniq_robin, uniq_natasha
D:3:      layout_loops_corners, xom_teletrap_fun, serial_shops, shop,
          st_stairs_7, nicolae_figureground_pulse
D:4:      layout_loops_ring
D:5:      layout_basic, kennysheep_little_box, chequers_serial_rivers_small_a,
          uniq_ijyb

Skill      XL: |  1  2  3  4  5  6  7 |
---------------+----------------------+-----
Fighting       | 2 3 |  3.1
Maces & Flails | 4 6 8 |  8.3
Invocations    | 1 |  1.6
Short Blades   | |  1.1
Dodging        | |  2.1
Stealth        | |  2.4
Spellcasting   | |  1.3
Hexes          | |  2.0

Action                   |  1- 3 |  4- 6 |  7- 9 || total
-------------------------+-------+-------+-------++-------
Melee: Dagger            |    22 |       |       ||    22
       Headbutt          |     7 |    13 |     2 ||    22
       Club              |    14 |       |       ||    14
       Mace              |    16 |   145 |    16 ||   177
       Punch             |       |     1 |       ||     1
Throw: Boomerang         |       |     1 |       ||     1
  Use: Scroll            |       |     7 |       ||     7
 Stab: Sleeping          |     2 |     4 |       ||     6
Armor: Robe              |     9 |     6 |       ||    15
       Chain mail        |       |     3 |       ||     3
       Plate armour      |       |    50 |     8 ||    58
Dodge: Dodged            |    34 |    58 |     1 ||    93

Table legend: (Time is in decaauts)
 A = Elapsed time spent in this place.
 B = Non-inter-level travel time spent in this place.
 C = Inter-level travel time spent in this place.
 D = Time resting spent in this place.
 E = Time spent auto-exploring this place.
 F = Levels seen in this place.
 G = Mean time per level.
                   A        B        C        D        E       F      G
               +--------+--------+--------+--------+--------+-----+--------+
         Total |   4989 |   4764 |    225 |    394 |   3075 |   5 |  997.8 |
       Dungeon |   4989 |   4764 |    225 |    394 |   3075 |   5 |  997.8 |
               +--------+--------+--------+--------+--------+-----+--------+

Top non-repeatable levels by time:
     D:1: 1329 daAuts
     D:3: 1254 daAuts
     D:4: 1230 daAuts
     D:2: 970 daAuts
     D:5: 205 daAuts
